 Dungeon Crawl Stone Soup version 0.31-a0-210-gccc998df9b (webtiles) character file.

Game seed: 1351790839929104751

46 qw the Shooter (level 3, -7/21 HPs)
             Began as a Gargoyle Hexslinger on June 29, 2023.
             Killed by divine providence
             ... invoked by an orc priest
              (11 damage)
             ... on level 2 of the Dungeon.
             The game lasted 00:00:34 (1501 turns).

qw the Shooter (Gargoyle Hexslinger)                Turns: 1501, Time: 00:00:34

Health: -7/21      AC: 10    Str: 11    XL:     3   Next: 68%
Magic:  4/4        EV: 10    Int: 13    God:
Gold:   112        SH:  0    Dex: 14    Spells: 3/4 levels left

rFire   . . .        Y - +1 sling
rCold   . . .        (no shield)
rNeg    + . .        g - +0 ring mail
rPois   inf          d - +0 helmet
rElec   +            (no cloak)
rCorr   .            (no gloves)
SInv    .            e - +0 pair of boots
Will    .....        (no amulet)
Stlth   +            (no ring)
HPRegen 0.23/turn    (no ring)
MPRegen 0.09/turn

%: no passive effects
@: no status effects
A: sickness immunity, AC +3, negative energy resistance 1, electricity
resistance, torment resistance 1, petrification resistance
a: no special abilities


You were on level 2 of the Dungeon.
You visited 1 branch of the dungeon, and saw 2 of its levels.

You collected 140 gold pieces.
You spent 28 gold pieces at shops.


Innate Abilities, Weirdness & Mutations

You are immune to sickness and miasma.
Your stone body is resilient. (AC +3)
You are immune to poison.
You resist negative energy. (rN+)
You are resistant to electric shocks. (rElec)
You are resistant to unholy torment.
You are immune to petrification.


   Skills:
 - Level 2.0 Fighting
 + Level 3.3 Ranged Weapons
 - Level 1.1 Armour
 - Level 1.5 Dodging
 - Level 1.0 Spellcasting
 - Level 2.6 Hexes


You had 3 spell levels left.
You knew the following spells:

 Your Spells              Type           Power      Damage    Failure   Level
a - Slow                  Hex            28%        N/A       22%         1

Your spell library contained the following spells:

 Spells                   Type           Power      Damage    Failure   Level
 Inner Flame              Hex/Fire       4%         N/A       75%         3
 Portal Projectile        Hex/Tloc       8%         N/A       75%         3
 Cause Fear               Hex            3%         N/A       91%         4

Inventory:

Hand Weapons
 Y - a +1 sling (weapon)
Armour
 d - a +0 helmet (worn)
 e - a +0 pair of boots (worn)
 g - a +0 ring mail (worn)
Scrolls
 a - a scroll of acquirement {unknown}
 b - a scroll of silence {unknown}
 c - a scroll of teleportation {unknown}
 f - 3 scrolls of identify
 i - a scroll of immolation {unknown}
Potions
 h - a potion of degeneration {unknown}
 j - a potion of haste
 k - a potion of attraction {unknown}

Dungeon Overview and Level Annotations

Branches:
Dungeon (2/15)

Altars:
Wu Jian

Shops:
D:1 ?


Message History

Enter note:
Enter note:
Enter note:
Enter note:
Enter note:
Enter note:
Enter note:
Enter note:
Enter note: You shoot a sling bullet.
The sling bullet misses the goblin.
The goblin hits you with a +0 club.
You shoot a sling bullet. The sling bullet hits the goblin.
The goblin is heavily wounded.
The goblin hits you but does no damage.
You shoot a sling bullet. The sling bullet hits the goblin!
You kill the goblin!
The orc priest calls down the wrath of Beogh upon you.
Beogh smites you!
Ouch! That really hurt!
You shoot a sling bullet. The sling bullet hits the worm!
The worm is moderately wounded.
A ball python comes into view.
The worm bites you but does no damage.
The ball python moves out of view.
You shoot a sling bullet. The sling bullet hits the worm!
The worm is severely wounded.
The orc priest misses you. The worm bites you.
You shoot a sling bullet. The sling bullet hits the worm.
The worm is severely wounded.
A goblin comes into view. It is wielding a +0 club.
The orc priest begins to cast a cantrip, but forgets the words!
The worm bites you. The orc priest closely misses you.
You shoot a sling bullet. The sling bullet hits the worm.
The worm is almost dead.
The orc priest barely misses you.
You shoot a sling bullet. The sling bullet hits the worm.
You kill the worm!
The orc priest mumbles some strange prayers to Beogh against you.
Beogh smites you!
Ouch! That really hurt!
You die...

#.# #.# #.# #.# #.###
#.#### ....# #....####
#.#.# ######.....###
#.#.#####........#...#
#.#.#.....######...#.#
#.#.....###....###...##
#.#....##.......@##...#
..###..#..######So#...#
### #.##.## #g.##..#
#.#..# ....#..# #.#..#
....#..## #....#
=.#..#...# ### #....#
.. ..#.#.# ..###....##
..# .##...##
..........######.
#..#..#


You could see an orc priest, a goblin and a ball python.

Vanquished Creatures
  An adder (D:2)
  2 worms (D:2)
  4 bats
  3 endoplasms
  A giant cockroach (D:1)
  5 goblins
  4 hobgoblins
  3 ball pythons (D:1)
  5 kobolds
  5 rats
33 creatures vanquished.

Notes
Turn   | Place    | Note
-------+----------+-------------------------------------------
     0 | D:1      | qw the Gargoyle Hexslinger began the quest for the Orb.
     0 | D:1      | Reached XP level 1. HP: 12/12 MP: 2/2
     0 | D:1      | 0 ||| qw: Version: 0.3-a-24-ga2abf7b
     0 | D:1      | 0 ||| qw: Game counter: 6750
     0 | D:1      | 0 ||| qw: Melee chars always use a shield: true
     0 | D:1      | 0 ||| qw: God list: Okawaru
     0 | D:1      | 0 ||| qw: Allow faded altars: false
     0 | D:1      | 0 ||| qw: Do Orc after clearing Dungeon:15 true
     0 | D:1      | 0 ||| qw: Do second Lair branch before Depths: true
     0 | D:1      | 0 ||| qw: Lair rune preference: random
     0 | D:1      | 0 ||| qw: Goals: Normal
     0 | D:1      | 0 ||| PLANNING D:1-11
   119 | D:1      | Found The Oracle's Delphic Readings.
   126 | D:1      | Reached XP level 2. HP: 16/16 MP: 3/3
   130 | D:1      | 130 ||| BUYING scroll of identify (28 gold).
   130 | D:1      | Bought a scroll of identify for 28 gold pieces
   130 | D:1      | 130 ||| SHOPLISTING scroll of teleportation (42 gold, have
                  | 14).
   170 | D:1      | 170 ||| FLEEEEING.
   171 | D:1      | 171 ||| FLEEEEING.
   172 | D:1      | 172 ||| FLEEEEING.
   176 | D:1      | 176 ||| FLEEEEING.
   177 | D:1      | 177 ||| FLEEEEING.
   178 | D:1      | 178 ||| FLEEEEING.
   179 | D:1      | 179 ||| FLEEEEING.
   182 | D:1      | 182 ||| FLEEEEING.
   183 | D:1      | 183 ||| FLEEEEING.
   184 | D:1      | 184 ||| FLEEEEING.
   185 | D:1      | 185 ||| FLEEEEING.
   239 | D:1      | Reached skill level 3 in Ranged Weapons
   431 | D:1      | Found a faded altar of an unknown god.
   663 | D:1      | 663 ||| UPGRADING to +0 helmet.
   668 | D:1      | 668 ||| UPGRADING to +0 pair of boots.
   673 | D:1      | 673 ||| UPGRADING to +0 ring mail.
   683 | D:1      | 683 ||| DROPPING +0 robe.
   684 | D:1      | 684 ||| READING scroll labelled ZIAVEE OMEVVO.
   685 | D:1      | 685 ||| READING 3 scrolls of identify.
   685 | D:1      | 685 ||| IDENTIFYING sedimented purple potion
   686 | D:1      | 686 ||| READING 2 scrolls of identify.
   686 | D:1      | 686 ||| IDENTIFYING puce potion
   687 | D:1      | 687 ||| DROPPING scroll of poison.
   688 | D:1      | 688 ||| DROPPING potion of lignification.
   784 | D:2      | Reached XP level 3. HP: 21/21 MP: 4/4
  1020 | D:2      | Reached skill level 1 in Armour
  1164 | D:2      | Found an ornate altar of the Wu Jian Council.
  1499 | D:2      | HP: 3/21 [worm (3)]
  1501 | D:2      | Killed from afar by an orc priest

Levels and vault maps discovered:
D:1:      dpeg_arrival_rooms_with_view, layout_basic,
          hellmonk_ecumenical_altar_run_dry, minmay_misc_feat_diagonals,
          nicolae_nh_oracle_at_delphi
D:2:      layout_loops_ring, basic_altar, minmay_randomly_rotated_circles

Skill      XL: |  1  2  3 |
---------------+----------+-----
Ranged Weapons | 3 |  3.3
Fighting       | 2 |  2.0
Armour         | 1 |  1.1
Dodging        | |  1.5
Spellcasting   | |  1.0
Hexes          | |  2.6

Action                     || total
---------------------------++-------
   Fire: Sling             ||   124
    Use: Scroll            ||     3
 Armour: Robe              ||     6
         Ring mail         ||    27
  Dodge: Dodged            ||    21

Table legend:
 A = Non-vault XP
 B = Vault XP
 C = Vault XP percentage of total XP
 D = Non-vault monster count
 E = Vault monster count
 F = Vault count percentage of total count
                 A         B        C        D         E       F
            +---------+---------+-------+---------+---------+-------
      Total |      59 |      13 |  18.1 |      27 |       6 |  18.2
            +---------+---------+-------+---------+---------+-------
        D:1 |      24 |       6 |  20.0 |      15 |       4 |  21.1
        D:2 |      35 |       7 |  16.7 |      12 |       2 |  14.3
            +---------+---------+-------+---------+---------+-------
